aen, chaotic female human Rogue |.. --..| |...| ... .|.)-- -.. .... .....| --........ ...--.| --.............-|.| --.............. |.| |............... |.| |....--.|...--..-|)| |...------...|-.||.@#- --..| --..--^|#f.u# --- --.....|-#-... |......| -#.... --.....--|.....- |.-...<|--.....| |...--.| --....| |...|--- --- -..| --- aen the Cutpurse Experience level: 4 Strength: 16 Dexterity: 18 Constitution: 14 Intelligence: 12 Wisdom: 9 Charisma: 6 Health: 0(26) Energy: 13(13) Def: 4 Gold: 593 Moves: 1112 Dungeon seed: wApPK-5zeFP0sXwH Game ID: aen_1529945901 Your Inventory: Coins $ - 593 gold pieces Weapons b - 11 +0 daggers (in quiver) g - 3 +0 orcish daggers i - the +0 Sting (weapon in hand) k - a cursed +0 elven dagger p - a blessed +0 orcish dagger s - a +0 elven dagger Armor e - an uncursed +1 leather armor (being worn) y - an uncursed +0 pair of speed boots (being worn) Scrolls h - a cursed scroll of light l - an uncursed scroll of light Spellbooks n - a cursed spellbook of protection Potions o - an uncursed potion of oil Rings m - an uncursed ring of poison resistance Tools d - an uncursed lock pick f - an uncursed sack j - an uncursed bag of holding t - 4 uncursed wax candles (0:400) u - an uncursed partly used wax candle (lit) (0:398) Gems q - 2 uncursed worthless pieces of green glass r - an uncursed worthless piece of red glass Contents of the bag of holding: an uncursed potion of sickness Spells and supernatural/magical abilities: Name Level Category Fail Memory W - pray for help -- divine ? -- Your skills at the end: Fighting Skills Weapon Skills dagger [Basic] short sword [Basic] Spellcasting Skills Final Attributes: You were piously aligned. You were aware of the presence of orcs. You were stealthy. You were very fast. You are dead. Vanquished creatures: a shrieker a gnome lord a little dog an iguana 2 acid blobs 3 hobbits 2 cave spiders a green mold 2 gnomes a jackal a kobold 6 goblins a grid bug 4 lichens 4 newts 31 creatures vanquished. Voluntary challenges: You were an atheist. You used a wielded weapon 30 times, starting on turn 4. You read items or engraved 3 times, starting on turn 1106. You never genocided any monsters. You never polymorphed an object. You never changed form. You used no wishes. You never split a pudding. You wrote Elbereth's name 2 times, starting on turn 1106. You never violated your personal moral code. Dungeon overview: The Dungeons of Doom: levels 1 to 5 Level 1 a fountain a long staircase Level 2 some fountains Level 3 stairs to The Gnomish Mines Level 4 Level 5 The Gnomish Mines: Level 4 <- You were here stairs to The Dungeons of Doom History has recorded: On T:1 you entered the Dungeons of Doom to retrieve the Amulet of Yendor! On T:157 you advanced to experience level 2. On T:195 you reached level 2 of The Dungeons of Doom. On T:301 you reached level 3 of The Dungeons of Doom. On T:302 you advanced to experience level 3. On T:779 you reached level 4 of The Dungeons of Doom. On T:810 you reached level 5 of The Dungeons of Doom. On T:939 you reached level 1 of The Gnomish Mines. On T:1010 you advanced to experience level 4. Score breakdown: Gold: 593 ( 9435 points) Experience: 4 levels ( 9649 points) Exploration: 5 levels ( 10.20%) ( 8660 points) Discoveries: 1 item ( 0.34%) ( 1737 points) Valuables value: (no points given unless you survive) Artifact value: 800 ( 9877 points) Variety of kills: 15 monsters ( 3.94%) ( 5952 points) Turncount: 1112 turns ( 0 points) Survival: died (score multiplied by 80%) Total score: 36248 Latest messages: The gnome lord hits! You throw 2 daggers. The 1st dagger hits it. The 2nd dagger hits it. You kill it! The pony kicks! The pony bites! You write in the dust with your fingers. You add to the writing in the dust with your fingers. The pony turns to flee! There are a few objects here. t - 5 candles. Your candle's flame burns brightly! White dwarf drops 4 +0 daggers. You displace White dwarf. b - 4 +0 daggers (in quiver). The pony kicks! The pony bites! You write in the dust with your fingers. The pony kicks! The pony bites! You die... Final status: Goodbye aen the Rogue, killed by a pony... You died in The Gnomish Mines on dungeon level 4 with 36248 points, and 593 pieces of gold, after 1112 moves. You were level 4 with a maximum of 26 hit points when you died.